 Dungeon Crawl Stone Soup version 0.30.1-3-gfc49f6343a (webtiles) character file.

Game seed: 9004571731947547431

235 Atelerd the Digger (level 6, 0/36 HPs)
             Began as an Octopode Earth Elementalist on Aug 2, 2023.
             Succumbed to a scorpion's poison
             ... on level 4 of the Dungeon.
             The game lasted 00:04:02 (2494 turns).

Atelerd the Digger (Octopode Earth Elementalist)    Turns: 2494, Time: 00:04:03

Health: 0/36       AC:  1    Str:  7    XL:     6   Next: 6%
Magic:  2/10       EV: 13    Int: 20    God:
Gold:   156        SH:  0    Dex: 12    Spells: 10/11 levels left

rFire   . . .        e - +0 rapier (holy)
rCold   . . .        (no shield)
rNeg    . . .        (helmet restricted)
rPois   .            (no amulet)
rElec   .            (no ring)
rCorr   .            (no ring)
SInv    .            (no ring)
Will    .....        (no ring)
Stlth   +++          (no ring)
HPRegen 0.26/turn    (no ring)
MPRegen 0.12/turn    (no ring)
                     (no ring)

%: no passive effects
@: lethally poisoned (0 -> -14), very slightly contaminated
A: almost no armour, amphibious, 8 rings, camouflage 1, gelatinous body 1,
(nimble swimmer 1), tentacles
a: no special abilities


You were on level 4 of the Dungeon.
You visited 1 branch of the dungeon, and saw 4 of its levels.

You collected 156 gold pieces.

Inventory:

Hand Weapons
 c - a +0 dagger
 e - a +0 rapier of holy wrath (weapon)
Jewellery
 g - a ring of see invisible
 r - a ring of flight
Scrolls
 b - a scroll of fear {unknown}
 d - a scroll of fog {unknown}
 f - a scroll of vulnerability {unknown}
 j - 3 scrolls of identify {unknown}
 m - a scroll of teleportation {unknown}
 p - a scroll of magic mapping {unknown}
Potions
 a - a potion of magic
 h - a potion of mutation {unknown}
 i - a potion of attraction {unknown}
 k - a potion of haste {unknown}
 l - a potion of berserk rage {unknown}
 n - 2 potions of invisibility {unknown}
 o - a potion of degeneration {unknown}
 q - a potion of curing {unknown}


   Skills:
 - Level 2.0 Dodging
 - Level 2.6 Stealth
 + Level 3.1 Spellcasting
 * Level 3.2 Transmutations
 * Level 4.9 Earth Magic


You had 10 spell levels left.
You knew the following spells:

 Your Spells              Type           Power      Damage    Failure   Level
a - Sandblast             Erth           46%        2d11      1%          1

Your spell library contained the following spells:

 Spells                   Type           Power      Damage    Failure   Level
 Passwall                 Tmut/Erth      15%        N/A       4%          2
 Stone Arrow              Conj/Erth      26%        3d8       16%         3
 Petrify                  Tmut/Erth      19%        N/A       26%         4
 Call Canine Familiar     Summ           3%         N/A       38%         3
 Dazzling Flash           Conj/Hex       6%         N/A       38%         3
 Portal Projectile        Hex/Tloc       6%         N/A       38%         3
 Leda's Liquefaction      Hex/Erth       6%         N/A       45%         4
 Agony                    Necr           3%         N/A       98%         5
 Silence                  Hex/Air        1%         N/A       98%         5


Dungeon Overview and Level Annotations

Branches:
Dungeon (4/15)
 Temple: D:4-7

Altars:
Nemelex Xobeh
Okawaru


Innate Abilities, Weirdness & Mutations

You cannot wear most types of armour.
You are amphibious.
You can wear up to eight rings at the same time.
Your skin changes colour to match your surroundings (Stealth+).
Your rubbery body absorbs attacks. (AC +1, EV +1)
((You are camouflaged when in or above water. (Stealth+)))
You have tentacles for arms and can constrict up to eight enemies at once.


Message History

Nothing appears to happen.
The scorpion stings you.
The blast of sand hits the scorpion.
The scorpion is almost dead.
The scorpion misses you. The scorpion stings you.
You miscast Sandblast.
Nothing appears to happen.
The scorpion stings you.
You are poisoned.
The scorpion poisons you!
The blast of sand hits the scorpion.
The scorpion is almost dead.
You feel very sick. The scorpion stings you! The scorpion misses you.
You closely miss the scorpion. You grab the scorpion.
The scorpion is almost dead.
You constrict the scorpion, but do no damage.
You feel sick. The scorpion stings you!
* * * LOW HITPOINT WARNING * * *
You are too injured to fight recklessly!
You are too injured to fight recklessly!
Casting: Sandblast (safe; 1% risk of failure)
Confirm with . or Enter, or press ? or * to list all spells.
Aiming: Sandblast (safe; 1% risk of failure)
Press: ? - help, Shift-Dir - straight line, f/p - scorpion
Aim: a scorpion (almost dead, constricted by you, 100% to hit)
The blast of sand hits the scorpion but does no damage.
The scorpion is almost dead.
You constrict the scorpion, but do no damage.
You feel very sick. The scorpion stings you.
* * * LOW HITPOINT WARNING * * *
You are lethally poisoned!
The scorpion poisons you! The scorpion barely misses you.
Unknown command.
Casting: Sandblast (safe; 1% risk of failure)
Confirm with . or Enter, or press ? or * to list all spells.
Aiming: Sandblast (safe; 1% risk of failure)
Press: ? - help, Shift-Dir - straight line, f/p - scorpion
Aim: a scorpion (almost dead, constricted by you, 100% to hit)
The blast of sand hits the scorpion!
You kill the scorpion!
You die...

### ... #
#.## ...
#..#.....
#@....#
##....#
...>..#
....#.#
..### #
... #+#.
.


There were no monsters in sight!

Vanquished Creatures
  A phantom (D:3)
  2 scorpions
  A gnoll (D:3)
  An adder (D:3)
  3 dart slugs
  An orc (D:3)
  7 endoplasms
  A giant cockroach (D:2)
  7 goblins
  7 hobgoblins
  9 jackals (D:1)
  4 quokkas
  4 ball pythons
  4 bats
  2 frilled lizards
  7 kobolds
  7 rats
68 creatures vanquished.

Notes
Turn   | Place    | Note
-------+----------+-------------------------------------------
     0 | D:1      | Atelerd the Octopode Earth Elementalist began the quest for
                  | the Orb.
     0 | D:1      | Reached XP level 1. HP: 11/11 MP: 3/3
   195 | D:1      | Reached XP level 2. HP: 17/17 MP: 3/5
   711 | D:1      | Reached XP level 3. HP: 21/21 MP: 4/6
   812 | D:1      | Found a faded altar of an unknown god.
  1346 | D:2      | Found a sparkling altar of Nemelex Xobeh.
  1480 | D:2      | Reached skill level 4 in Earth Magic
  1624 | D:3      | Noticed a phantom
  1664 | D:3      | Reached XP level 4. HP: 27/27 MP: 5/7
  1717 | D:3      | Noticed a scorpion
  1726 | D:3      | Killed a scorpion
  1727 | D:3      | Reached XP level 5. HP: 19/31 MP: 2/9
  1977 | D:3      | Killed a phantom
  2381 | D:3      | Reached XP level 6. HP: 32/36 MP: 7/10
  2457 | D:3      | Found an iron altar of Okawaru.
  2494 | D:4      | Succumbed to a scorpion's poison

Illustrated notes

Levels and vault maps discovered:
D:1:      evilmike_arrival_rings, layout_loops_ring,
          hellmonk_ecumenical_altar_inner_sanctum
D:2:      minmay_wonky_spiral, layout_rooms, basic_altar
D:3:      layout_loops_ring, okawaru_altar_gauntlet_db,
          kennysheep_generic_room_10
D:4:      nicolae_cairo_tiling_very_big, layout_basic, temple_pool_b,
          serial_shops, shop, uniq_grinder, uniq_duvessa

Skill      XL: |  1  2  3  4  5 |
---------------+----------------+-----
Earth Magic    | 4 |  4.9
Transmutations | 2 3 |  3.2
Spellcasting   | 3 |  3.1
Dodging        | |  2.0
Stealth        | |  2.6

Action                     |  1- 3 |  4- 6 || total
---------------------------+-------+-------++-------
  Melee: Dagger            |     1 |       ||     1
         Rapier            |    14 |     8 ||    22
         Constrict         |     2 |     4 ||     6
         Tentacles         |     2 |       ||     2
   Cast: Sandblast         |    44 |    37 ||    81
   Stab: Sleeping          |     2 |     2 ||     4
 Armour: Skin              |     2 |     1 ||     3
  Dodge: Dodged            |     7 |    21 ||    28
